 Dungeon Crawl Stone Soup version 0.21-a0-396-ga924934 (webtiles) character file.

6 Mitsuki the Ruffian (level 1, 0/18 HPs)
             Began as a Naga Transmuter on Oct 19, 2017.
             Slain by a bat (1 damage)
             ... on level 1 of the Dungeon.
             The game lasted 00:00:40 (303 turns).

Mitsuki the Ruffian (Naga Transmuter)                Turns: 303, Time: 00:00:41

Health: 0/18       AC:  1    Str: 12    XL:     1   Next: 90%
Magic:  3/3        EV: 10    Int: 13    God:
Gold:   0          SH:  0    Dex: 11    Spells: 3/4 levels left

rFire    . . .     SeeInvis +   e - -1 hand axe (curse)
rCold    . . .     Gourm    .   (no shield)
rNeg     . . .     Faith    .   b - +0 robe
rPois    +         Spirit   .   (no helmet)
rElec    .         Reflect  .   (no cloak)
rCorr    .         Harm     .   (no gloves)
MR       .....                  (no barding)
Stlth    +.........             (no amulet)
HPRegen  0.06/turn              (no ring)
MPRegen  0.08/turn              (no ring)

@: very slow
A: see invisible, deformed body, poison resistance, slowness 2, slow metabolism
1, spit poison 1, AC +0
a: Spit Poison


You were on level 1 of the Dungeon.
You were not hungry.

You visited 1 branch of the dungeon, and saw 1 of its levels.

Inventory:

Hand Weapons
 e - a cursed -1 hand axe (weapon)
Missiles
 a - 26 arrows
Armour
 b - a +0 robe (worn)
Scrolls
 f - a scroll of random uselessness {unknown}
Books
 c - a book of Changes

   Spells                             Type                      Level
   a - Beastly Appendage              Transmutation                1
   b - Sticks to Snakes               Transmutation                2
   c - Spider Form                    Transmutation/Poison         3
   d - Ice Form                       Ice/Transmutation            4
   e - Blade Hands                    Transmutation                5
Comestibles
 d - a bread ration


   Skills:
 - Level 1.0 Fighting
 - Level 1.5 Dodging
 + Level 3.2 Unarmed Combat
 - Level 2.0 Spellcasting
 + Level 2.3 Transmutations


You had 3 spell levels left.
You knew the following spells:

 Your Spells              Type           Power        Failure   Level  Hunger
a - Beastly Appendage     Tmut           #.....       10%         1    ##.....


Dungeon Overview and Level Annotations

Branches:
Dungeon (1/15)

Altars:


Innate Abilities, Weirdness & Mutations

You cannot wear boots.
Your serpentine skin is tough. (AC +0)
You have supernaturally acute eyesight. (SInv)
Armour fits poorly on your strangely shaped body.
Your system is resistant to poisons. (rPois)
You cover ground very slowly.
You have a slow metabolism.
You can spit poison.


Message History

The giant cockroach bites you but does no damage.
Your magical contamination has completely faded away.
You take 1 damage, and have 4/18 hp.
You barely miss the giant cockroach.
The giant cockroach is severely wounded.
The bat hits you.
* * * LOW HITPOINT WARNING * * *
The giant cockroach barely misses you. The giant cockroach bites you.
* * * LOW HITPOINT WARNING * * *
You take 2 damage, and have 2/18 hp.
You hit the giant cockroach.
You kill the giant cockroach!
The bat barely misses you. The bat misses you. The bat hits you.
* * * LOW HITPOINT WARNING * * *
You take 1 damage, and have 1/18 hp.
You closely miss the bat.
The bat is moderately wounded.
The bat hits you.
You die...

#......##
#.......# ..
.......##♣
..#####.
........♣
P.......
.......♣
♣.......
......♣.♣
♣.......
#b)....(.
....PP.
####@########
#....♣.
+...........#


#.P.PPP ####.######.##..PP♣♣. .... #.#PP.♣PP.. #.##. #.#.♣♣♣♣... ... .#
#.P.♣PP..#. .♣P .. #.P♣♣...##. . . #. #..P.P..##. ♣P #.......... You could see a
bat.

Vanquished Creatures
  2 giant cockroaches (D:1)
  A goblin (D:1)
  A hobgoblin (D:1)
  A rat (D:1)
5 creatures vanquished.

Notes
Turn   | Place    | Note
-------+----------+-------------------------------------------
     0 | D:1      | Mitsuki the Naga Transmuter began the quest for the Orb.
     0 | D:1      | Reached XP level 1. HP: 18/18 MP: 3/3
   303 | D:1      | Slain by a bat

Vault maps used:
D:1:      mrwooster_arrival_arrow, serial_forest, infiniplex_forest_straight_3,
          infiniplex_forest_corner_1, infiniplex_forest_zigzag_1,
          infiniplex_forest_clump_diagonal, infiniplex_forest_clump_diagonal,
          minmay_parallelograms, minmay_liquid_box, roderic_lattice_a

Action                   || total
-------------------------++-------
Melee: Hand axe          ||    24
       Unarmed           ||     9
       Punch             ||     1
Armor: Robe              ||     8
Dodge: Dodged            ||    40

Table legend:
 A = Spawn XP
 B = Non-spawn XP
 C = Spawn XP percentage of total XP
 D = Spawn monster count
 E = Non-spawn monster count
 F = Spawn count percentage of total count
 G = Total turns spent on level
                    A         B        C        D         E        F      G
               +---------+---------+-------+---------+---------+-------+---------
         Total |       0 |       9 |   0.0 |       0 |       5 |   0.0 |   303
               +---------+---------+-------+---------+---------+-------+---------
           D:1 |       0 |       9 |   0.0 |       0 |       5 |   0.0 |   303
               +---------+---------+-------+---------+---------+-------+---------
